 Dungeon Crawl Stone Soup version 0.29-a0-111-gbaf749a769 (webtiles) character file.

Game seed: 10203137824253674374

96208 aphid the Protected (level 16, -4/127 HPs)
             Began as a Ghoul Monk on Feb 17, 2022.
             Was an Initiate of Yredelemnul.
             Killed from afar by Frances (13 damage)
             ... with a shard of ice
             ... on level 14 of the Dungeon.
             The game lasted 00:56:09 (31762 turns).

aphid the Protected (Ghoul Monk)                   Turns: 31762, Time: 00:56:09

Health: -4/127     AC: 36    Str: 27    XL:     16   Next: 16%
Magic:  22/22      EV:  6    Int: 10    God:    Yredelemnul [......]
Gold:   2439       SH: 11    Dex: 11    Spells: 15/15 levels left

rFire   + . .      SeeInvis +     - Unarmed
rCold   + + .      Faith    .   u - +0 kite shield {AC+3}
rNeg    + + +      Spirit   .   B - +9 scales of the Dragon King {rPois rF+ rC+ Will+}
rPois   ∞          Reflect  .   X - +2 helmet {Int+3}
rElec   .          Harm     .   H - scarf {repulsion}
rCorr   .          Rampage  .   (no gloves)
Will    ++...                   k - +0 pair of boots
Stlth   ..........              (no amulet)
HPRegen 0.00/turn               r - +6 ring of strength
MPRegen 0.18/turn               l - ring of see invisible

@: inhibited regen, studying Earth Magic, repel missiles
A: claws 1, cold resistance 1, negative energy resistance 3, inhibited
regeneration, torment resistance 2
a: Renounce Religion, Recall Undead Harvest


You were on level 14 of the Dungeon.
You worshipped Yredelemnul.
Yredelemnul was aware of your devotion.
You visited 4 branches of the dungeon, and saw 22 of its levels.
You also visited: Bailey, Gauntlet and Ice Cave.

You collected 2643 gold pieces.
You spent 204 gold pieces at shops.

Inventory:

Hand Weapons
 A - the +6 shillelagh "Devastator" {shatter}
   (You found it on level 14 of the Dungeon)

   It releases a powerful concussive burst when it strikes, dealing extra damage
   to the target and all other foes adjacent to them.
 Q - the +0 fustibalus of Acviusaa {flame, rN+ Will+ Int+3}
   (You found it on level 11 of the Dungeon)

   Any ammunition fired from it burns those it strikes, dealing additional fire
   damage.
   Int:       It affects your intelligence (+3).
   rN:        It protects you from negative energy.
   Will:      It increases your willpower.
Missiles
 n - 8 silver javelins
 x - 2 throwing nets (quivered)
Armour
 g - a +0 tower shield
 k - a +0 pair of boots (worn)
 u - a +0 kite shield of protection (worn)
 B - the +9 scales of the Dragon King (worn) {rPois rF+ rC+ Will+}
   (You found it on level 5 of the Dungeon)

   rF:        It protects you from fire.
   rC:        It protects you from cold.
   rPois:     It protects you from poison.
   Will:      It increases your willpower.
 H - a scarf of repulsion (worn)
 L - a +1 cloak of preservation
 X - a +2 helmet of intelligence (worn)
Jewellery
 d - a ring of protection from fire
 i - a ring of protection from cold
 j - a +4 ring of protection
 l - a ring of see invisible (right claw)
 r - a +6 ring of strength (left claw)
 t - a ring of resist corrosion
 w - a +4 ring of evasion
Wands
 a - a wand of flame (14)
 z - a wand of paralysis (9)
 C - a wand of acid (7)
 I - a wand of mindburst (5)
 N - a wand of digging (9)
 O - a wand of polymorph (14)
 P - a wand of iceblast (7)
 Z - a wand of charming (4)
Scrolls
 c - 3 scrolls of immolation
 e - 10 scrolls of teleportation
 f - 4 scrolls of enchant weapon
 m - 4 scrolls of fear
 q - 3 scrolls of vulnerability
 s - 2 scrolls of enchant armour
 v - 3 scrolls of identify
 y - a scroll of amnesia
 D - 7 scrolls of blinking
 E - 3 scrolls of magic mapping
 F - 5 scrolls of fog
 G - a scroll of silence
 K - a scroll of torment
 T - a scroll of summoning
 W - 2 scrolls of brand weapon
Potions
 b - a potion of haste
 h - 11 potions of curing
 p - 4 potions of magic
 J - 3 potions of cancellation
 M - 4 potions of ambrosia
 R - 7 potions of flight
 S - 3 potions of resistance
 U - a potion of invisibility
 Y - a potion of heal wounds
Miscellaneous
 o - a phantom mirror
 V - a lightning rod (inert)


   Skills:
 + Level 7.7 Fighting
 * Level 13.7 Armour
 - Level 3.8 Dodging
 - Level 3.2 Stealth
 - Level 10.1 Shields
 + Level 13.5 Unarmed Combat
 - Level 9.8 Invocations
 * Level 12.1 Evocations


You had 15 spell levels left.
You didn't know any spells.
Your spell library contained the following spells:

 Spells                   Type           Power      Damage    Failure   Level
 Foxfire                  Conj/Fire      0%         2x1d4     100%        1
 Magic Dart               Conj           0%         1d3       100%        1
 Sting                    Tmut/Pois      0%         1d3       100%        1
 Poisonous Vapours        Pois/Air       0%         N/A       100%        2
 Searing Ray              Conj           0%         2d4       100%        2
 Gell's Gravitas          Tloc           0%         N/A       100%        3
 Inner Flame              Hex/Fire       0%         N/A       100%        3
 Lesser Beckoning         Tloc           0%         N/A       100%        3
 Teleport Other           Tloc           0%         N/A       100%        3
 Anguish                  Hex/Necr       0%         N/A       100%        4
 Animate Armour           Summ/Erth      0%         N/A       100%        4
 Cause Fear               Hex            0%         N/A       100%        4
 Fulminant Prism          Conj/Hex       0%         3d6       100%        4
 Iskenderun's Mystic Bla  Conj/Tloc      0%         2d3       100%        4
 Olgreb's Toxic Radiance  Pois           0%         N/A       100%        4
 Lee's Rapid Deconstruct  Erth           0%         3d5*      100%        5
 Silence                  Hex/Air        0%         N/A       100%        5
 Dispersal                Tloc           0%         N/A       100%        6
 Iron Shot                Conj/Erth      0%         9d1       100%        6
 Orb of Destruction       Conj           0%         9d5       100%        7
 Disjunction              Tloc           0%         N/A       100%        8
 Lehudib's Crystal Spear  Conj/Erth      0%         10d2      100%        8
 Dragon's Call            Summ           0%         N/A       100%        9
 Fire Storm               Conj/Fire      0%         5d1       100%        9
 Blade Hands              Tmut           Unusable   N/A       N/A         5
 Dragon Form              Tmut           Unusable   N/A       N/A         7

Dungeon Overview and Level Annotations

Branches:
Dungeon (14/15)            Temple (1/1) D:5            Lair (6/6) D:11
  Swamp (0/4) Lair:4        Snake (0/4) Lair:4        Slime (0/5) Lair:5
    Orc (1/2) D:12         Bailey (visited)           IceCv (visited)
Gauntlet (visited)
 Vaults: D:13-14

Altars:
Ashenzari
Cheibriados
Dithmenos
Elyvilon
Fedhas
Gozag
Hepliaklqana
Kikubaaqudgha
Makhleb
Nemelex Xobeh
Okawaru
Ru
Sif Muna
Trog
Uskayaw
Vehumet
Wu Jian
Xom
Yredelemnul
Zin
The Shining One
Jiyva

Shops:
D:6 ?   D:11 [

Annotations:
D:10 2 transporters, Nelsoonmonsoon's ghost, journeyman TrTm
D:14 Frances


Innate Abilities, Weirdness & Mutations

You thrive by killing the living.
You are immune to poison.
You have sharp fingernails.
Your flesh is cold resistant. (rC+)
You are immune to negative energy. (rN+++)
You do not regenerate when monsters are visible.
You are immune to unholy pain and torment.


Message History

You block the sixfirhy's attack. You block Frances's attack.
Your basilisk zombie closely misses the sixfirhy.
The orange demon stings you but does no damage.
You block the sixfirhy's attack.
You mangle Frances!!
Frances is heavily wounded.
The sixfirhy hits you but does no damage.
You block the sixfirhy's attack. You block Frances's attack.
You block the sixfirhy's attack.
The orange demon stings you but does no damage.
Your basilisk zombie barely misses the sixfirhy.
Unknown command.
You feel much better. Frances hits you but does no damage. x2
You block the orange demon's attack.
Unknown command.
Unknown command.
Aiming: Corrosive Bolt
Press: ? - help, Shift-Dir - straight line, f/p - Frances
Aim: Frances, wielding a +0 war axe and wearing a +3 ring mail of fire resistance (heavily wounded, fast, 79% to hit)
The bolt of acid hits Frances!!
Frances is severely wounded.
The bolt of acid hits the orange demon!
The acid corrodes the orange demon!
You kill the orange demon!
The orange demon disappears in a puff of smoke!
You block Frances's attack.
Your basilisk zombie bites the sixfirhy!
Unknown command.
Unknown command.
Unknown command.
Unknown command.
You claw Frances!
Frances is severely wounded.
Frances mutters in a terrible tongue.
The iron shot hits you!!!
* * * LOW HITPOINT WARNING * * *
The sixfirhy hits you but does no damage.
Frances screams a word of power!
The shard of ice hits you! You partially resist.
You die...
Yredelemnul claims you as an undead slave.

#..##########...... #..#
#.......... #..#
#.......... #######..#
#..........
.........######..........
..............###.###....
#######......##.....##...
#.Z...##.......##..
#3@.)##.........##.
#.@.##.Z#.#.#.#..##
#§..#.............#
#.§.#...#.#[#.#...#
#..........#}......
#######...#...#.#.#.#...#
..........#.............#
..........##..#.#.#.#..##
...........##.........##.


You could see Frances (fast), a sixfirhy (summoned, ally target) and a friendly
basilisk zombie.

Vanquished Creatures
  A white draconian (IceCv)
  A minotaur (Gauntlet)
  The ghost of Zoerut Uceps the Impaler, a journeyman MfGl of Elyvilon (Lair:3)
  A shambling mangrove (D:11)
  Harold (D:7)
  Fannar (D:12)
  A boulder beetle (Lair:5)
  3 hydras
  2 centaur warriors
  A catoblepas (D:14)
  4 two-headed ogres
  2 death yaks
  A deep troll earth mage (D:14)
  2 skeletal warriors (D:6)
  A wizard (D:14)
  A lindwurm (Lair:6)
  2 oklob plants (D:11)
  An ugly thing (D:12)
  2 elephants (Lair:6)
  3 manticores
  A rust devil (Gauntlet)
  2 ice statues (IceCv)
  5 black mambas
  A cyclops (D:14)
  6 cane toads
  3 torpor snails
  Psyche (D:8)
  A kobold demonologist (D:12)
  6 komodo dragons
  3 unseen horrors
  6 rime drakes
  An efreet (D:13)
  2 trolls
  5 slime creatures
  6 dream sheep (Lair:6)
  2 polar bears
  4 hornets
  6 blink frogs
  A vampire (D:6)
  4 small abominations (Gauntlet)
  A ynoxinul (Gauntlet)
  2 wyverns
  A wraith (D:12)
  2 shadows (D:12)
  26 yaks
  4 basilisks
  A vampire mosquito (D:14)
  A steam dragon (D:9)
  2 nagas (Lair:4)
  9 water moccasins
  2 ice beasts
  5 orc warriors
  2 black bears
  A necrophage (D:5)
  2 ogres
  19 wolves
  2 centaurs
  A phantom (D:12)
  2 kobold brigands
  5 bullfrogs
  4 gnoll sergeants
  2 scorpions
  A wyvern zombie (D:5)
  An oklob sapling (D:11)
  A water moccasin skeleton (D:4)
  4 lindwurm simulacra (IceCv)
  8 killer bees
  A troll zombie (D:12)
  5 howler monkeys
  3 wights (D:8)
  5 electric eels (Lair:4)
  12 komodo dragon simulacra (IceCv)
  4 bullfrog zombies
  2 jellies
  4 centaur zombies
  6 hounds
  A centaur skeleton (D:7)
  5 orc priests
  Crazy Yiuf (D:5)
  A bullfrog skeleton (D:5)
  4 iron imps (Gauntlet)
  2 gnoll shamans
  A hell rat (Lair:6)
  9 orc wizards
  4 iguanas
  5 ogre zombies (D:12)
  A hound zombie (D:5)
  A hound skeleton (D:4)
  A howler monkey zombie (D:8)
  A mummy (D:7)
  16 gnolls
  A howler monkey skeleton (D:6)
  4 acid dragon simulacra (IceCv)
  10 adders
  A shadow imp (D:6)
  A worm (D:3)
  4 dart slugs
  33 orcs
  8 endoplasms
  3 giant cockroaches
  18 goblins
  5 hobgoblins
  4 jackals
  3 quokkas
  11 ball pythons
  6 bats
  2 frilled lizards (D:12)
  A goblin skeleton (D:12)
  2 goblin zombies (D:12)
  6 hobgoblin zombies
  13 kobolds
  2 kobold zombies
  3 orc skeletons (D:12)
  10 orc zombies
  7 rats
  A bush (D:12)
463 creatures vanquished.

Vanquished Creatures (collateral kills)
  Nessos (Lair:5)
  A fire dragon (Lair:6)
  3 hydras
  A boulder beetle (D:14)
  4 catoblepae
  A centaur warrior (D:14)
  2 two-headed ogres
  4 death yaks
  3 lindwurms (Lair:6)
  A deep elf pyromancer (D:14)
  2 black mambas (Lair:5)
  6 cane toads
  6 torpor snails (Lair:6)
  3 komodo dragons
  6 rime drakes
  A queen bee (Lair:3)
  4 tyrant leeches (Lair:6)
  6 hornets
  7 dream sheep
  8 blink frogs
  A ynoxinul (Gauntlet)
  A shadow (D:9)
  28 yaks
  A small abomination (Gauntlet)
  4 basilisks
  An acid dragon (D:11)
  3 water moccasins
  17 wolves
  4 centaurs
  A kobold brigand (D:7)
  3 bullfrogs
  A gnoll sergeant (D:9)
  A water moccasin skeleton (D:6)
  2 killer bees (Lair:3)
  An electric eel (Lair:4)
  A komodo dragon simulacrum (IceCv)
  A bullfrog skeleton (D:6)
  3 iron imps (Gauntlet)
  An orc wizard (D:12)
  4 gnolls
  2 adders (D:11)
  A howler monkey skeleton (D:7)
  7 orcs
  A goblin (D:8)
  A ball python (D:11)
  A frilled lizard (D:12)
  3 kobolds (D:6)
  A bush (Lair:2)
166 creatures vanquished.

Vanquished Creatures (others)
  A spectral hydra (D:14)
  An ugly thing zombie (D:12)
  A centaur zombie (D:14)
  A spectral unseen horror (D:12)
  A blink frog (Lair:6)
  A boulder beetle zombie (D:14)
  A spectral cane toad (Lair:2)
  A deep troll zombie (D:14)
  4 black mamba zombies
  A two-headed ogre zombie (D:12)
  A cane toad zombie (Lair:6)
  A human zombie (D:14)
  An elf zombie (D:14)
  A hornet zombie (Lair:6)
  3 blink frog zombies
  A rime drake zombie (IceCv)
  A vampire mosquito zombie (D:14)
  A komodo dragon zombie (D:12)
  3 water moccasin zombies
  A spectral ice beast (D:6)
  6 yak zombies
  6 wolf zombies
  A bullfrog zombie (Lair:5)
  An orc wizard (Orc:1)
  A killer bee zombie (D:9)
  3 hound zombies
  2 howler monkey zombies
  An iguana zombie (D:12)
  3 spectral iron imps (Gauntlet)
  2 adder zombies (D:11)
  8 gnoll zombies
  2 ball python zombies (D:11)
  A jackal zombie (D:11)
  2 kobold zombies (D:6)
  20 orc zombies
  A spectral endoplasm (Lair:5)
  14 demonic plants (Gauntlet)
  65 fungi
  118 plants
284 creatures vanquished.

Grand Total: 913 creatures vanquished

Notes
Turn   | Place    | Note
-------+----------+-------------------------------------------
     0 | D:1      | aphid the Ghoul Monk began the quest for the Orb.
     0 | D:1      | Reached XP level 1. HP: 19/19 MP: 0/0
   116 | D:1      | Found a faded altar of an unknown god.
   258 | D:1      | Reached XP level 2. HP: 26/26 MP: 1/1
   978 | D:2      | You fall into a shaft and drop 2 floors!
  1164 | D:3      | Reached XP level 3. HP: 27/31 MP: 2/2
  1674 | D:2      | Reached XP level 4. HP: 35/40 MP: 3/3
  2166 | D:2      | HP: 1/40 [acid (11)]
  2777 | D:2      | Noticed a scorpion
  2789 | D:2      | Killed a scorpion
  2790 | D:2      | Reached XP level 5. HP: 42/46 MP: 4/4
  3216 | D:3      | Reached skill level 5 in Unarmed Combat
  3736 | D:4      | Reached XP level 6. HP: 17/53 MP: 5/5
  4298 | D:4      | Reached skill level 1 in Shields
  4651 | D:4      | Reached XP level 7. HP: 49/60 MP: 6/6
  4855 | D:5      | Entered Level 5 of the Dungeon
  4995 | D:5      | Found a radiant altar of Vehumet.
  4997 | D:5      | Found an opulent altar of Gozag.
  4998 | D:5      | Found a burning altar of Makhleb.
  5264 | D:5      | Reached skill level 1 in Armour
  5380 | D:5      | Identified the +2 scale mail of the Kraken {-Tele Will+
                  | Regen+}
  5488 | D:5      | Reached XP level 8. HP: 67/67 MP: 7/7
  5804 | D:5      | Found a staircase to the Ecumenical Temple.
  5815 | Temple   | Entered the Ecumenical Temple
  5849 | Temple   | Became a worshipper of Yredelemnul the Dark
  5849 | Temple   | Reached * piety under Yredelemnul
  5849 | Temple   | Reached ** piety under Yredelemnul
  5966 | D:5      | Found an iron altar of Okawaru.
  5972 | D:5      | Found a hazy altar of Hepliaklqana.
  5974 | D:5      | Found a hide-covered altar of Uskayaw.
  5975 | D:5      | Found a shimmering blue altar of Sif Muna.
  6032 | D:5      | Found the +9 scales of the Dragon King {rPois rF+ rC+
                  | Will+}
  6454 | D:5      | Found a runed translucent door.
  6455 | D:5      | Noticed Crazy Yiuf
  6570 | D:5      | Killed Crazy Yiuf
  6672 | D:6      | Noticed a vampire
  6703 | D:6      | Reached skill level 1 in Invocations
  6728 | D:6      | Killed a vampire
  6851 | D:6      | Found Qenwaeb's Magic Scroll Emporium.
  6855 | D:6      | Bought a scroll of magic mapping for 42 gold pieces
  6855 | D:6      | Bought a scroll of fog for 24 gold pieces
  6855 | D:6      | Bought a scroll of identify for 24 gold pieces
  6855 | D:6      | Bought a scroll of identify for 24 gold pieces
  6855 | D:6      | Bought a scroll of blinking for 90 gold pieces
  7039 | D:6      | Noticed a skeletal warrior
  7039 | D:6      | Noticed a skeletal warrior
  7140 | D:5      | Reached skill level 5 in Shields
  7177 | D:6      | Reached XP level 9. HP: 38/72 MP: 9/9
  7425 | D:6      | Killed a skeletal warrior
  7428 | D:6      | Killed a skeletal warrior
  7429 | D:6      | Reached skill level 5 in Armour
  7796 | D:6      | Noticed a skeletal warrior
  8272 | D:7      | Noticed Harold
  8285 | D:7      | Killed Harold
  8286 | D:7      | Reached XP level 10. HP: 72/80 MP: 12/12
  8806 | D:7      | Found a snail-covered altar of Cheibriados.
  9049 | D:8      | Found a flagged portal.
  9060 | Bailey   | Entered a bailey
  9480 | Bailey   | Reached skill level 5 in Invocations
  9495 | Bailey   | HP: 3/80 [gnoll (3)]
  9503 | Bailey   | HP: 4/80 [wolf (3)]
 10180 | D:8      | Noticed Psyche
 10192 | D:8      | Killed Psyche
 10829 | D:9      | Noticed an unseen horror
 10848 | D:9      | Killed an unseen horror
 11904 | D:10     | Entered Level 10 of the Dungeon
 11923 | D:10     | Reached XP level 11. HP: 83/85 MP: 14/14
 11982 | D:10     | Noticed a two-headed ogre
 11994 | D:10     | Killed a two-headed ogre
 12175 | D:10     | Noticed a centaur warrior
 12182 | D:10     | Killed a centaur warrior
 12365 | D:10     | Found a transporter.
 12368 | D:10     | Noticed Nelsoonmonsoon's ghost (journeyman TrTm)
 12369 | D:10     | Noticed a moth of wrath
 12399 | D:10     | Found a transporter.
 12595 | D:11     | Noticed a two-headed ogre
 12626 | D:11     | Found Faoc's Armour Shoppe.
 12883 | D:11     | Identified the +0 fustibalus of Acviusaa {flame, rN+ Will+
                  | Int+3}
 12926 | D:11     | Noticed a two-headed ogre
 12940 | D:11     | Killed a two-headed ogre
 13149 | D:11     | Noticed an oklob plant
 13242 | D:11     | Noticed an oklob plant
 13269 | D:11     | Killed a two-headed ogre
 13270 | D:11     | Reached skill level 10 in Unarmed Combat
 13309 | D:11     | Noticed an oklob plant
 13309 | D:11     | Noticed a two-headed ogre
 13885 | D:11     | Killed a two-headed ogre
 14488 | D:12     | Noticed an eight-headed hydra
 14780 | D:12     | Noticed a manticore
 14805 | D:12     | Killed a manticore
 15148 | D:12     | Found a staircase to the Orcish Mines.
 15468 | D:12     | Reached *** piety under Yredelemnul
 15469 | D:12     | Reached XP level 12. HP: 78/92 MP: 16/16
 15584 | D:12     | Noticed Fannar
 15585 | D:12     | Noticed a two-headed ogre
 15603 | D:12     | Killed a two-headed ogre
 15604 | D:12     | Reached skill level 10 in Shields
 15626 | D:12     | Killed Fannar
 16104 | D:12     | Killed an eight-headed hydra
 16105 | D:12     | Reached skill level 1 in Evocations
 17071 | Orc:1    | Entered Level 1 of the Orcish Mines
 17909 | D:11     | Noticed a shambling mangrove
 17909 | D:11     | an oklob plant changed into a shambling mangrove
 17966 | D:11     | Found a staircase to the Lair.
 17980 | Lair:1   | Entered Level 1 of the Lair of Beasts
 18360 | Lair:1   | Reached skill level 10 in Armour
 18364 | Lair:1   | Reached **** piety under Yredelemnul
 18584 | Lair:1   | Reached XP level 13. HP: 72/99 MP: 18/18
 18695 | Lair:1   | Reached ***** piety under Yredelemnul
 18700 | Lair:1   | Reached ****** piety under Yredelemnul
 19307 | Lair:1   | Reached skill level 5 in Evocations
 20799 | Lair:3   | Reached XP level 14. HP: 105/105 MP: 19/19
 20855 | Lair:3   | Found a gate leading to a gauntlet.
 20865 | Gauntlet | Entered a Gauntlet
 20865 | Gauntlet | Found a large runed translucent door.
 20865 | Gauntlet | Found a large runed translucent door.
 20865 | Gauntlet | Found a large runed translucent door.
 20865 | Gauntlet | Found a large runed translucent door.
 20865 | Gauntlet | Found a runed translucent door.
 20865 | Gauntlet | Found a large runed translucent door.
 20865 | Gauntlet | Found a large runed translucent door.
 20865 | Gauntlet | Found a transporter.
 20865 | Gauntlet | Found a transporter.
 20865 | Gauntlet | Found a large runed translucent door.
 20865 | Gauntlet | Found a large runed translucent door.
 20865 | Gauntlet | Found a runed translucent gate.
 20865 | Gauntlet | Found a runed translucent gate.
 20865 | Gauntlet | Found a transporter.
 20874 | Gauntlet | Found a transporter.
 20888 | Gauntlet | Found a transporter.
 20899 | Gauntlet | Found a transporter.
 20911 | Gauntlet | Found a transporter.
 20925 | Gauntlet | Found a transporter.
 20931 | Gauntlet | Found a transporter.
 20945 | Gauntlet | Found a transporter.
 20964 | Gauntlet | Found a transporter.
 20970 | Gauntlet | Found a runed translucent gate.
 20971 | Gauntlet | Found a large runed translucent door.
 20971 | Gauntlet | Found a large runed translucent door.
 20972 | Gauntlet | Found a large runed translucent door.
 20973 | Gauntlet | Found a large runed translucent door.
 20974 | Gauntlet | Found a large runed translucent door.
 20974 | Gauntlet | Found a large runed translucent door.
 20974 | Gauntlet | Found a runed translucent door.
 20975 | Gauntlet | Found a large runed translucent door.
 20976 | Gauntlet | Found a large runed translucent door.
 21111 | Gauntlet | Found a transporter.
 21939 | Gauntlet | Identified the +1 robe of Brilliance {Fly}
 21940 | Gauntlet | Got the Disquisition on the Oath
 21942 | Gauntlet | Identified the +0 ring mail "Qeex" {*Slow rPois rCorr
                  | Str+7}
 21947 | Gauntlet | Got Vehumet's Grimoire of Combat Magic
 22475 | Lair:3   | Found a transporter.
 22479 | Lair:3   | Found a transporter.
 22479 | Lair:3   | Noticed Zoerut Uceps's ghost (journeyman MfGl)
 22536 | Lair:3   | Killed Zoerut Uceps's ghost
 23223 | Lair:4   | Found a frozen archway.
 23241 | IceCv    | Entered an ice cave
 24043 | IceCv    | Noticed a white draconian
 24045 | IceCv    | Found the +8 frozen axe "Frostbite" {freezing cloud, *Noise
                  | Fly rC+}
 24073 | IceCv    | Killed a white draconian
 24267 | IceCv    | Identified the amulet "Zexiybb" {Spirit Harm Int+7}
 24546 | Lair:4   | Found a staircase to the Snake Pit.
 24697 | Lair:4   | Found a staircase to the Swamp.
 24744 | Lair:4   | Reached skill level 5 in Fighting
 24750 | Lair:4   | Reached skill level 10 in Evocations
 25476 | Lair:5   | Reached XP level 15. HP: 111/113 MP: 21/21
 25951 | Lair:5   | Found a runed translucent door.
 25951 | Lair:5   | Found a viscous altar of Jiyva.
 25953 | Lair:5   | Found a staircase to the Slime Pits.
 25990 | Lair:5   | Noticed Nessos
 26001 | Lair:5   | Killed Nessos
 26460 | Lair:6   | Entered Level 6 of the Lair of Beasts
 27786 | Lair:6   | Found a runed translucent door.
 30866 | D:14     | Reached XP level 16. HP: 121/126 MP: 22/22
 30931 | D:14     | Found the +6 shillelagh "Devastator" {shatter}
 31406 | D:14     | Noticed Frances
 31762 | D:14     | Killed from afar by Frances

Illustrated notes

Levels and vault maps discovered:
D:1:      psy_arrival_radial02, layout_loops_ring,
          shapermc_ecumenical_altar_mp_urbaneastern, minmay_crystal_water
D:2:      layout_basic, serial_glass, glass_columns_c, glass_columns_a,
          minmay_strange_pillars, due_unseen_surprise, minmay_strange_pillars
D:3:      layout_loops_corners
D:4:      layout_cave_pools, minmay_ogre_servants
D:5:      layout_layer_cave, nicolae_overflow_hallway_of_the_gods,
          minmay_temple_entry_large_hall, minmay_misc_feat_rugged,
          uniq_crazy_yiuf_cottage
D:6:      layout_rooms, serial_shops, shop
D:7:      layout_loops_ring, kennysheep_mini_moat, minmay_mini_ossuary,
          uniq_harold
D:8:      layout_loops_ring, enter_bailey_4, minmay_misc_feat_alley, uniq_psyche
D:9:      layout_basic, serial_glass, glass_columns_c, glass_columns_a,
          glass_columns_a, due_unseen_surprise
D:10:     layout_big_octagon, gammafunk_ghost_berserking_beasts
D:11:     layout_long_grid, dpeg_oklobed_lair, serial_shops,
          nicolae_shop_hallway_stairs, introduction_to_nature_1
D:12:     layout_basic, zombieorc1_lemuel, kb_lookout_dungeons_type,
          minmay_lizard_king, uniq_fannar
D:13:     layout_rooms
D:14:     minmay_roctagon, layout_small_grid, grunt_vaults_entry_tiered,
          dk_noncrumbling_3, kennysheep_generic_room_3, uniq_frances
Temple:   minmay_temple_bridge_abc
Lair:1:   layout_cave_pods, grunt_forest_large_clearings
Lair:2:   layout_long_grid, infiniplex_staircase_pool_2
Lair:3:   layout_cave_pods, gammafunk_ghost_hive, gauntlet_entry_generic,
          nicolae_lair_lil_pond
Lair:4:   layout_long_grid, minmay_swamp_entry_eels,
          guppyfry_snake_entry_garden, portal_ice_cave_rime,
          bh_autumn_forest_stairs
Lair:5:   layout_regular_city, slime_altar_2, hangedman_lair_generics_rect,
          uniq_nessos
Lair:6:   wormcave, layout_big_grid, hangedman_lair_in_review
Orc:1:    layout_diamond_mine, mines2_david

Skill      XL: |  1  2  3  4  5  6  7  8  9 10 11 12 13 14 15 16 |
---------------+-------------------------------------------------+-----
Dodging        | 3 |  3.8
Unarmed Combat | 4 5 6 7 8 9 10 11 12 13 | 13.5
Fighting       | 4 5 7 |  7.7
Stealth        | 3 |  3.2
Shields        | 1 3 5 7 8 9 10 | 10.1
Armour         | 1 3 5 7 9 10 11 12 13 | 13.7
Invocations    | 2 4 5 7 8 9 |  9.8
Evocations     | 4 8 10 11 12 | 12.1

Action                   |  1- 3 |  4- 6 |  7- 9 | 10-12 | 13-15 | 16-18 || total
-------------------------+-------+-------+-------+-------+-------+-------++-------
Melee: Unarmed           |   111 |   161 |   273 |   967 |  1007 |    79 ||  2598
       Punch             |     1 |     3 |       |       |       |       ||     4
Throw: Throwing net      |       |       |       |     3 |       |     1 ||     4
Invok: Recall Undead Har |       |       |       |     1 |     2 |     1 ||     4
       Bind Soul         |       |       |       |       |     3 |       ||     3
Evoke: Wand              |       |       |    11 |    16 |     2 |     1 ||    30
       Lightning rod     |       |       |       |     4 |     8 |     3 ||    15
       Phantom mirror    |       |       |       |       |     1 |       ||     1
  Use: Scroll            |     1 |     2 |     8 |     6 |    11 |     2 ||    30
       Potion            |       |     3 |     1 |     1 |     2 |     1 ||     8
 Stab: Sleeping          |     7 |     3 |       |       |       |       ||    10
       Distracted        |       |       |       |    10 |    14 |     2 ||    26
       Held in net/web   |       |       |       |       |       |     1 ||     1
Armor: Robe              |    25 |    44 |       |       |       |       ||    69
       Plate armour      |       |       |    59 |       |       |       ||    59
       Scale mail        |       |       |    11 |       |       |       ||    11
       Gold dragon scale |       |       |   202 |   832 |   836 |    85 ||  1955
Dodge: Dodged            |    70 |    86 |     9 |    50 |   223 |    32 ||   470
       Repelled          |       |       |       |       |     4 |     1 ||     5
Block: Tower shield      |       |    17 |   259 |   436 |       |       ||   712
       Kite shield       |       |       |       |   382 |   543 |    75 ||  1000

Table legend: (Time is in decaauts)
 A = Elapsed time spent in this place.
 B = Non-inter-level travel time spent in this place.
 C = Inter-level travel time spent in this place.
 D = Time resting spent in this place.
 E = Time spent auto-exploring this place.
 F = Levels seen in this place.
 G = Mean time per level.
                   A        B        C        D        E       F      G
               +--------+--------+--------+--------+--------+-----+--------+
         Total |  31811 |  30478 |   1333 |   3035 |  20987 |  25 | 1272.4 |
       Dungeon |  19805 |  18944 |    861 |   2106 |  12988 |  14 | 1414.6 |
        Temple |     55 |     35 |     20 |      0 |     19 |   1 |   55.0 |
          Lair |   9125 |   8673 |    452 |    220 |   7086 |   6 | 1520.8 |
  Orcish Mines |    195 |    195 |      0 |     39 |     74 |   1 |  195.0 |
        Bailey |    456 |    456 |      0 |    202 |      0 |   1 |  456.0 |
      Ice Cave |   1082 |   1082 |      0 |      0 |    819 |   1 | 1082.0 |
      Gauntlet |   1090 |   1090 |      0 |    468 |      0 |   1 | 1090.0 |
               +--------+--------+--------+--------+--------+-----+--------+

Top non-repeatable levels by time:
    D:12: 2993 daAuts
  Lair:6: 2692 daAuts
    D:11: 2685 daAuts
     D:5: 1924 daAuts
  Lair:1: 1560 daAuts
     D:2: 1436 daAuts
  Lair:2: 1367 daAuts
     D:8: 1341 daAuts
     D:4: 1336 daAuts
     D:1: 1312 daAuts
  Lair:3: 1260 daAuts
     D:9: 1204 daAuts
     D:6: 1199 daAuts
  Lair:4: 1183 daAuts
Gauntlet: 1090 daAuts
